 Seeded DCSS version 0.32-a0-938-g40ac7a0 (webtiles) character file.

Game seed: 1459695861311278033 (custom seed)

179 PurpleRed the Cutter (level 5, -2/32 HPs)
             Began as a Vampire Hunter on Apr 15, 2024.
             Slain by a river rat (7 damage)
             ... summoned by Eustachio
             ... on level 4 of the Dungeon.
             The game lasted 00:13:13 (2751 turns).

PurpleRed the Cutter (Vampire Hunter)               Turns: 2751, Time: 00:13:14

Health: -2/32      AC:  5    Str: 10    XL:     5   Next: 33%
Magic:  5/5        EV: 11    Int: 11    God:
Gold:   30         SH:  0    Dex: 20    Spells: 2/4 levels left

rFire   + . .        v - +0 dagger (elec)
rCold   + + .        (no shield)
rNeg    + + +        c - +0 leather armour
rPois   ∞            (no helmet)
rElec   .            (no cloak)
rCorr   .            (no gloves)
SInv    +            d - +1 pair of boots
Will    .....        (no amulet)
Stlth   ++++         h - ring of protection from fire
HPRegen 0.00/turn    (no ring)
MPRegen 0.09/turn

%: no passive effects
@: bloodless, inhibited regen, studying Long Blades
A: bloodless, fangs 3, see invisible, vampiric 2
a: Bat Form, Revivify


You were on level 4 of the Dungeon.
You visited 1 branch of the dungeon, and saw 4 of its levels.

You collected 110 gold pieces.
You spent 80 gold pieces at shops.

Inventory:

Hand Weapons
 a - a +0 shortbow
 e - a +0 short sword
 v - a +0 dagger of electrocution (weapon)
Missiles
 g - 4 poisoned darts (quivered)
Armour
 c - a +0 leather armour (worn)
 d - a +1 pair of boots (worn)
Jewellery
 h - a ring of protection from fire (left hand)
Talismans
 u - a serpent talisman
Potions
 f - a potion of enlightenment
 k - a potion of haste
 r - a potion of brilliance {unknown}
 t - a potion of berserk rage {unknown}


   Skills:
 + Level 3.1 Fighting
 * Level 4.3 Short Blades
 + Level 0.2(2.3) Long Blades
 - Level 3.2 Ranged Weapons
 - Level 2.1 Dodging
 + Level 2.6 Stealth


You had 2 spell levels left.
You knew the following spells:

 Your Spells              Type           Power      Damage    Failure   Level
a - Blink                 Tloc           0%         N/A       58%         2

Your spell library contained the following spells:

 Spells                   Type           Power      Damage    Failure   Level
 Lesser Beckoning         Tloc           0%         N/A       58%         2
 Momentum Strike          Conj/Tloc      0%         3d8       58%         2


Dungeon Overview and Level Annotations

Branches:
Dungeon (4/15)
 Temple: D:4-7

Altars:

Shops:
D:1 !

Annotations:
D:4 Eustachio


Innate Abilities, Weirdness & Mutations

You do not regenerate when monsters are visible.
You are frail without blood (-20% HP).
You can heal yourself when you bite living creatures.
You are immune to poison.
You have razor-sharp teeth.
You have supernaturally acute eyesight. (SInv)
You are afflicted with vampirism and can become a bat while bloodless.


Message History

You hit the river rat but do no damage.
The river rat is heavily wounded.
Eustachio casts a spell.
Eustachio blinks!
The river rat bites you. The river rat completely misses you.
You closely miss the river rat. Your bite misses the river rat.
The river rat is heavily wounded.
You hit the river rat but do no damage. Your bite misses the river rat.
The river rat is heavily wounded.
The river rat bites you but does no damage.
The river rat bites you.
You hit the river rat.
The river rat is almost dead.
You hit the river rat but do no damage.
You bite the river rat, but do no damage.
The river rat is almost dead.
The river rat bites you but does no damage.
The river rat barely misses you.
The white imp shouts, "Slither hence, thou lumpish bat-flapping apple-john!"
You closely miss the river rat.
The river rat is almost dead.
You hit the river rat but do no damage.
The river rat is almost dead.
You feel yourself slow down.
The river rat bites you but does no damage.
The river rat misses you.
You barely miss the river rat.
The river rat is almost dead.
The river rat bites you!
* * * LOW HITPOINT WARNING * * *
The river rat bites you.
* * * LOW HITPOINT WARNING * * *
You barely miss the river rat.
The river rat is almost dead.
The white imp disappears in a puff of smoke!
The river rat bites you but does no damage.
You hit the river rat but do no damage.
You bite the river rat, but do no damage.
The river rat is almost dead.
The river rat bites you!
You die...

#. #.# #.###
#.#.##
####....####
...........
##...§####
#....rr@b#
#.(#####r#
#..§.# #5#
#r##.# #5#
#.##§###@#
#..†.....#
####5#####
#.# #.#


You could see Eustachio, 2 quasits, 2 river rats and a quokka (summoned).

Vanquished Creatures
  A howler monkey (D:4)
  3 gnolls
  4 adders
  3 ribbon worms (D:2)
  2 dart slugs
  An orc (D:3)
  3 bats
  8 endoplasms
  4 giant cockroaches
  11 goblins
  6 hobgoblins
  2 quokkas
  2 ball pythons (D:1)
  4 frilled lizards
  2 kobolds
  5 rats
61 creatures vanquished.

Notes
Turn   | Place    | Note
-------+----------+-------------------------------------------
     0 | D:1      | PurpleRed the Vampire Hunter began the quest for the Orb.
     0 | D:1      | Reached XP level 1. HP: 16/16 MP: 1/1
    64 | D:1      | Reached skill level 1 in Short Blades
   114 | D:1      | Reached XP level 2. HP: 22/22 MP: 2/2
   252 | D:1      | Reached skill level 2 in Short Blades
   271 | D:1      | Found Zunolube's Distillery.
   431 | D:1      | Gained mutation: You are afflicted with vampirism and can
                  | become a bat while bloodless. [Vampire growth]
   431 | D:1      | Reached XP level 3. HP: 28/28 MP: 3/3
   745 | D:2      | Found a faded altar of an unknown god.
  1020 | D:2      | Reached skill level 3 in Short Blades
  1132 | D:2      | Learned a level 2 spell: Blink
  1219 | D:2      | Reached XP level 4. HP: 27/27 MP: 4/4
  2341 | D:1      | Bought a potion of heal wounds for 50 gold pieces
  2341 | D:1      | Bought a potion of curing for 30 gold pieces
  2587 | D:4      | Reached skill level 4 in Short Blades
  2587 | D:4      | Reached XP level 5. HP: 26/32 MP: 5/5
  2650 | D:4      | Identified a scroll of acquirement
  2650 | D:4      | Acquired a manual of Long Blades
  2655 | D:4      | Noticed Eustachio
  2688 | D:4      | HP: 1/32 [ufetubus[Eustachio] (3)]
  2751 | D:4      | Slain by a river rat

Illustrated notes

Levels and vault maps discovered:
D:1:      ebering_hopf_link, layout_basic, serial_shops,
          nicolae_shop_behind_doors, serial_bayou_lagoon_a,
          chequers_serial_rivers_micro_b
D:2:      layout_basic, ebering_ecumenical_altar_petrified, nrook_campfire,
          lightli_corner_chamber
D:3:      layout_loops_ring, minivault_25, minmay_misc_feat_tiny, dk_vineyard_2,
          serial_park_tiny_2
D:4:      layout_loops_corners, minmay_temple_entry_mist, roderic_batcave,
          nicolae_nh_ransacked_shop, uniq_eustachio

Skill      XL: |  1  2  3  4 |
---------------+-------------+-----
Short Blades   | 1 2 3 4 |  4.3
Fighting       | 2 3 |  3.1
Stealth        | 2 |  2.6
Long Blades    | |  0.2
Ranged Weapons | |  3.2
Dodging        | |  2.1

Action                     |  1- 3 |  4- 6 || total
---------------------------+-------+-------++-------
  Melee: Short sword       |    42 |    66 ||   108
         Bite              |     4 |    14 ||    18
         Dagger            |       |    48 ||    48
   Fire: Shortbow          |   116 |       ||   116
  Throw: Dart              |       |    14 ||    14
Ability: Exsanguinate      |     1 |       ||     1
    Use: Potion            |       |     6 ||     6
         Scroll            |       |    10 ||    10
   Stab: Sleeping          |     1 |     4 ||     5
 Armour: Leather armour    |    49 |    77 ||   126
  Dodge: Dodged            |    36 |    78 ||   114

Table legend: (Time is in decaauts)
 A = Elapsed time spent in this place.
 B = Non-inter-level travel time spent in this place.
 C = Inter-level travel time spent in this place.
 D = Time resting spent in this place.
 E = Time spent auto-exploring this place.
 F = Levels seen in this place.
 G = Mean time per level.
                   A        B        C        D        E       F      G
               +--------+--------+--------+--------+--------+-----+--------+
         Total |   2737 |   2585 |    152 |     96 |   1688 |   4 |  684.2 |
       Dungeon |   2737 |   2585 |    152 |     96 |   1688 |   4 |  684.2 |
               +--------+--------+--------+--------+--------+-----+--------+

Top non-repeatable levels by time:
     D:2: 1119 daAuts
     D:3: 782 daAuts
     D:1: 629 daAuts
     D:4: 206 daAuts
